 Dungeon Crawl Stone Soup version 0.22.1-6-g1668fe2c40 (webtiles) character file.

335 Jakon the Shield-Bearer (level 6, -3/40 HPs)
             Began as a Gargoyle Fighter on Jan 18, 2019.
             Slain by a centaur (6 damage)
             ... on level 5 of the Dungeon.
             The game lasted 00:10:22 (3501 turns).

Jakon the Shield-Bearer (Gargoyle Fighter)          Turns: 3501, Time: 00:10:22

Health: -3/40      AC: 10    Str: 20    XL:     6   Next: 53%
Magic:  6/6        EV:  8    Int:  9    God:
Gold:   225        SH:  9    Dex: 10    Spells: 5/5 levels left

rFire    . . .     SeeInvis .   a - +0 flail
rCold    . . .     Gourm    .   c - +0 shield
rNeg     + . .     Faith    .   p - +0 ring mail (curse)
rPois    ∞         Spirit   .   (no helmet)
rElec    +         Reflect  .   (no cloak)
rCorr    .         Harm     .   (no gloves)
MR       .....                  (no boots)
Stlth    ..........             (no amulet)
HPRegen  0.13/turn              (no ring)
MPRegen  0.10/turn              (no ring)

@: about to teleport, hasted, very quick
A: negative energy resistance 1, electricity resistance, unbreathing,
petrification resistance, rot immunity, AC +4
a: no special abilities


You were on level 5 of the Dungeon.
You were not hungry.

You visited 1 branch of the dungeon, and saw 5 of its levels.

You collected 225 gold pieces.

Inventory:

Hand Weapons
 a - a +0 flail (weapon)
 q - a +1 blowgun
Missiles
 l - 8 javelins (quivered)
 r - 6 curare-tipped needles
Armour
 c - a +0 shield (worn)
 j - a +1 plate armour
 p - a cursed +0 ring mail (worn)
Wands
 b - a wand of digging (6)
 s - a wand of flame (25)
Scrolls
 i - 3 scrolls of enchant armour
 n - a scroll of enchant weapon
Potions
 e - a potion of berserk rage {unknown}
 g - 3 potions of curing
 k - 3 potions of heal wounds
Comestibles
 f - 6 rations
 m - 7 chunks of flesh


   Skills:
 + Level 4.8 Fighting
 + Level 3.7 Maces & Flails
 + Level 4.8 Armour
 + Level 4.8 Shields


You had 5 spell levels left.
You didn't know any spells.
Your spell library was empty.

Dungeon Overview and Level Annotations

Branches:
Dungeon (5/15)
 Temple: D:4-7

Altars:
Wu Jian
The Shining One


Innate Abilities, Weirdness & Mutations

You are resistant to torment.
Your stone body is resilient. (AC +4)
You are immune to poison.
You resist negative energy. (rN+)
You are resistant to electric shocks. (rElec)
You can survive without breathing.
You are immune to petrification.
You are immune to rotting.


Message History

The ogre shouts!
The centaur hits you.
* * * LOW HITPOINT WARNING * * *
The centaur hits you but does no damage.
You hit the centaur.
The centaur is lightly wounded.
The centaur closely misses you.
Your shield prevents you from hitting the centaur.
The centaur is lightly wounded.
The centaur closely misses you.
You barely miss the centaur.
The centaur is lightly wounded.
You block the centaur's attack. The centaur hits you.
* * * LOW HITPOINT WARNING * * *
As you read the scroll of teleportation, it crumbles to dust.
You feel strangely unstable. You block the centaur's attack.
You thump the centaur!
The centaur is heavily wounded.
The centaur hits you.
You die...

#.# #.# #.####
#....# ####.#
#.# #.#######
#.#
.....%..####.#
#....O.c@((..#
#.#####.######
#.# #.# ...
#.# #.# #.#


You could see an ogre and a centaur.

Vanquished Creatures
  2 scorpions (D:5)
  A centaur zombie (D:5)
  An iguana (D:5)
  2 worker ants (D:5)
  6 adders
  A worm (D:2)
  2 dart slugs
  A leopard gecko (D:3)
  An orc (D:3)
  A giant cockroach (D:2)
  7 goblins
  13 hobgoblins
  3 jackals (D:1)
  9 kobolds
  2 quokkas (D:3)
  11 bats
  5 frilled lizards
  A quokka zombie (D:5)
  12 rats
81 creatures vanquished.

Notes
Turn   | Place    | Note
-------+----------+-------------------------------------------
     0 | D:1      | Jakon the Gargoyle Fighter began the quest for the Orb.
     0 | D:1      | Reached XP level 1. HP: 14/14 MP: 1/1
   221 | D:1      | Reached XP level 2. HP: 19/19 MP: 2/2
   911 | D:2      | Reached XP level 3. HP: 17/23 MP: 3/3
  1236 | D:2      | Found an ornate altar of the Wu Jian Council.
  1238 | D:2      | Found a glowing golden altar of the Shining One.
  1463 | D:2      | Reached XP level 4. HP: 25/29 MP: 4/4
  2394 | D:3      | Reached XP level 5. HP: 26/33 MP: 5/5
  2784 | D:4      | Noticed an ogre
  2796 | D:5      | Entered Level 5 of the Dungeon
  3355 | D:5      | Reached XP level 6. HP: 31/39 MP: 6/6
  3501 | D:5      | Slain by a centaur

Skill      XL: |  1  2  3  4 |
---------------+-------------+-----
Fighting       | 4 |  4.8
Armour         | 4 |  4.8
Shields        | 4 |  4.8
Maces & Flails | 3 |  3.7

Action                   |  1- 3 |  4- 6 || total
-------------------------+-------+-------++-------
Melee: Flail             |   148 |   206 ||   354
  Use: Scroll            |     4 |    12 ||    16
       Potion            |       |     3 ||     3
  Eat: Chunk             |     2 |     5 ||     7
       Ration            |       |     1 ||     1
Armor: Scale mail        |    22 |       ||    22
       Plate armour      |    77 |       ||    77
       Ring mail         |     5 |    92 ||    97
Dodge: Dodged            |    34 |    72 ||   106
Block: Shield            |    92 |   123 ||   215
